 Dungeon Crawl Stone Soup version 0.30-a0-793-g160f7cfddd (webtiles) character file.

Game seed: 15935092884473071567

434 juan097 the Digger (level 7, -5/36 HPs)
             Began as a Gargoyle Earth Elementalist on Feb 19, 2023.
             Was a Follower of Jiyva.
             Shot with an arrow by a centaur (10 damage)
             ... on level 6 of the Dungeon.
             The game lasted 00:09:05 (3179 turns).

juan097 the Digger (Gargoyle Earth Elementalist)    Turns: 3179, Time: 00:09:06

Health: -5/36      AC:  9    Str: 11    XL:     7   Next: 0%
Magic:  8/12       EV: 15    Int: 18    God:    Jiyva [*.....]
Gold:   180        SH:  0    Dex: 10    Spells: 3/13 levels left

rFire   . . .      SeeInvis .    a - staff of earth
rCold   . . .      Faith    .    (no shield)
rNeg    + . .      Spirit   .    q - +0 ring mail
rPois   ∞          Reflect  .    (no helmet)
rElec   +          Harm     .    (no cloak)
rCorr   .          Rampage  .    (no gloves)
Will    +....                    (no boots)
Stlth   ++                       (no amulet)
HPRegen 1.06/turn                g - +5 ring of evasion
MPRegen 0.38/turn                n - ring of willpower

@: very slightly contaminated
A: sickness immunity, AC +4, negative energy resistance 1, electricity
resistance, torment resistance 1, petrification resistance
a: Renounce Religion


You were on level 6 of the Dungeon.
You worshipped Jiyva.
Jiyva was aware of your devotion.
You visited 1 branch of the dungeon, and saw 4 of its levels.
You also visited: Sewer.

You collected 180 gold pieces.

Inventory:

Hand Weapons
 b - a +0 dagger
Armour
 f - a +0 leather armour
 h - a +0 robe
 q - a +0 ring mail (worn)
Magical Staves
 a - a staff of earth (weapon)
Jewellery
 g - a +5 ring of evasion (left hand)
 n - a ring of willpower (right hand)
Scrolls
 e - a scroll of magic mapping {unknown}
 k - 2 scrolls of teleportation {unknown}
 l - 3 scrolls of identify
 m - a scroll of immolation {unknown}
 p - a scroll of poison {unknown}
 t - a scroll of blinking {unknown}
 x - a scroll of enchant armour {unknown}
Potions
 c - 2 potions of heal wounds {unknown}
 i - a potion of lignification {unknown}
 j - a potion of curing {unknown}
 o - a potion of cancellation {unknown}
 r - a potion of magic
 s - a potion of brilliance {unknown}
 u - 2 potions of resistance {unknown}
 v - 2 potions of haste {unknown}
 w - a potion of mutation {unknown}
 z - a potion of attraction {unknown}


   Skills:
 - Level 1.5 Dodging
 - Level 4.0 Stealth
 + Level 3.8 Spellcasting
 + Level 3.4 Conjurations
 - Level 0.7 Transmutations
 - Level 6.0 Earth Magic


You had 3 spell levels left.
You knew the following spells:

 Your Spells              Type           Power      Damage    Failure   Level
a - Sandblast             Erth           74%        2d16      3%          1
b - Stone Arrow           Conj/Erth      60%        3d10      16%         3
c - Petrify               Tmut/Erth      23%        N/A       67%         4
d - Passwall              Tmut/Erth      19%        N/A       14%         2

Your spell library contained the following spells:

 Spells                   Type           Power      Damage    Failure   Level
 Slow                     Hex            12%        N/A       36%         1
 Confusing Touch          Hex            3%         N/A       73%         3
 Vampiric Draining        Necr           3%         2d6       73%         3


Dungeon Overview and Level Annotations

Branches:
Dungeon (6/15)              Sewer (visited)
 Temple: D:4-7

Altars:


Innate Abilities, Weirdness & Mutations

You are immune to sickness and miasma.
Your stone body is resilient. (AC +4)
You are immune to poison.
You resist negative energy. (rN+)
You are resistant to electric shocks. (rElec)
You are resistant to unholy torment.
You are immune to petrification.


Message History

The centaur shouts!
The centaur wields a +0 shortbow.
The centaur shoots an arrow.
The arrow closely misses you.
The centaur shoots an arrow.
The arrow barely misses you.
The centaur shoots an arrow.
The arrow misses you.
The centaur shoots an arrow.
The arrow closely misses you.
You feel a surge of power!
The blast of sand misses the centaur.
The centaur shoots an arrow.
The arrow barely misses you.
The centaur shoots an arrow.
The arrow hits you.
The centaur shoots an arrow.
The arrow hits you!
The centaur shoots an arrow.
The arrow barely misses you.
You feel a surge of power!
The blast of sand hits the centaur!!
The centaur is severely wounded.
The centaur shoots an arrow.
The arrow hits you but does no damage.
The centaur shoots an arrow.
The arrow closely misses you.
The centaur shoots an arrow.
The arrow closely misses you.
You feel a surge of power!
The blast of sand hits the centaur!
You kill the centaur!
The centaur shoots an arrow.
The arrow hits you.
The centaur shoots an arrow.
The arrow hits you.
Your Conjurations skill increases to level 3!
You have reached level 7!
You have nothing you can fire or use right now.
You aren't carrying any items that you can evoke.
Unknown command.
Okay, then.
The centaur shoots an arrow.
The arrow hits you.
* * * LOW HITPOINT WARNING * * *
Casting: Sandblast (safe; 3% risk of failure)
Confirm with . or Enter, or press ? or * to list all spells.
You can't see any susceptible monsters within range! (Use Z to cast anyway.)
As you read the scroll labelled UNUDYACSIE, it crumbles to dust.
It is a scroll of identify.
d - a scroll of fog The centaur shoots an arrow.
The arrow hits you.
* * * LOW HITPOINT WARNING * * *
The centaur shoots an arrow.
The arrow hits you.
* * * LOW HITPOINT WARNING * * *
As you read the scroll of fog, it crumbles to dust.
The scroll dissolves into smoke.
The centaur shoots an arrow.
The arrow hits you!
You die...

..^. .... ..... .....##### #
.........# .... #
#../.c.....)# ....# #
#.......§§§§# ...# #
#........§@§#### #..#####
#....####§§§...# ##..##..#
#..).+ #§.....# #...#...'
#....# #......# +...#...#
#....# #......# #...'...#
+....####......# #...#...#
#..............######'#####
#####......................
##+##..#.....<................


You could see a centaur.

Vanquished Creatures
  A centaur (D:6)
  A scorpion (D:3)
  A howler monkey (D:6)
  4 jellies (Sewer)
  3 adders
  2 river rats
  A shadow imp (D:6)
  3 worms
  A dart slug (D:2)
  2 orcs (D:3)
  3 ball pythons
  7 bats
  18 endoplasms
  6 giant cockroaches
  3 goblins
  6 hobgoblins
  2 jackals (D:3)
  2 quokkas (D:2)
  6 frilled lizards
  3 kobolds
  6 rats
81 creatures vanquished.

Vanquished Creatures (others)
  A ball python (D:3)
  2 jackals (D:3)
  A frilled lizard (D:3)
4 creatures vanquished.

Grand Total: 85 creatures vanquished

Notes
Turn   | Place    | Note
-------+----------+-------------------------------------------
     0 | D:1      | juan097 the Gargoyle Earth Elementalist began the quest for
                  | the Orb.
     0 | D:1      | Reached XP level 1. HP: 10/10 MP: 3/3
   198 | D:1      | Reached skill level 4 in Earth Magic
   198 | D:1      | Reached XP level 2. HP: 15/15 MP: 0/5
  1030 | D:2      | Reached XP level 3. HP: 19/19 MP: 6/6
  1034 | D:2      | Learned a level 3 spell: Stone Arrow
  1775 | D:3      | Reached XP level 4. HP: 24/24 MP: 3/7
  1814 | D:3      | Found a glowing drain.
  1824 | D:3      | Reached skill level 1 in Conjurations
  1860 | Sewer    | Entered a sewer
  2007 | Sewer    | Reached skill level 5 in Earth Magic
  2206 | Sewer    | Reached XP level 5. HP: 28/28 MP: 6/9
  2294 | Sewer    | Found a viscous altar of Jiyva.
  2389 | Sewer    | Reached XP level 6. HP: 32/32 MP: 7/10
  2444 | Sewer    | Became a worshipper of Jiyva Juceomep the Shapeless
  2577 | D:3      | Reached skill level 6 in Earth Magic
  2582 | D:3      | Learned a level 4 spell: Petrify
  2587 | D:3      | Learned a level 2 spell: Passwall
  2971 | D:3      | Found a faded altar of an unknown god.
  3044 | D:3      | Reached * piety under Jiyva
  3049 | D:3      | You fall into a shaft and drop 3 floors!
  3177 | D:6      | Reached XP level 7. HP: 11/36 MP: 7/12
  3179 | D:6      | Shot with an arrow by a centaur

Illustrated notes

Levels and vault maps discovered:
D:1:      lightli_arrival_noodles, layout_basic, kennysheep_minor_cross
D:2:      layout_loops_ring, minivault_19, corner_web_ring,
          amcnicky_mini_pool_small
D:3:      layout_loops_ring, cheibrodos_sewer_entry_sluice,
          serial_co_window_serial, co_window_of_opportunity_a,
          co_window_paths_b, co_window_of_opportunity_a, co_window_paths_b,
          co_window_corner_a, co_window_corner_cb, co_window_broadway_c,
          co_window_broadway_c, co_window_2corner, glass_columns_a,
          glass_columns_b, glass_columns_b, glass_columns_b, glass_columns_c,
          ebering_ecumenical_altar_rust
D:6:      minmay_bubble_buster, layout_gridville,
          mainiacjoe_overflow_surrounded_room, hangedman_feature_mirror

Skill      XL: |  1  2  3  4  5  6 |
---------------+-------------------+-----
Earth Magic    | 4 5 6 |  6.0
Stealth        | 3 4 |  4.0
Conjurations   | 1 2 3 |  3.4
Spellcasting   | 3 |  3.8
Dodging        | |  1.5
Transmutations | |  0.7

Action                     |  1- 3 |  4- 6 |  7- 9 || total
---------------------------+-------+-------+-------++-------
  Melee: Unarmed           |     2 |       |       ||     2
         Dagger            |     4 |       |       ||     4
   Cast: Sandblast         |    43 |    64 |       ||   107
    Use: Scroll            |       |       |     2 ||     2
   Stab: Sleeping          |     4 |       |       ||     4
 Armour: Robe              |     5 |       |       ||     5
         Leather armour    |     2 |       |       ||     2
         Ring mail         |       |     4 |       ||     4
  Dodge: Dodged            |    15 |    20 |       ||    35

Table legend: (Time is in decaauts)
 A = Elapsed time spent in this place.
 B = Non-inter-level travel time spent in this place.
 C = Inter-level travel time spent in this place.
 D = Time resting spent in this place.
 E = Time spent auto-exploring this place.
 F = Levels seen in this place.
 G = Mean time per level.
                   A        B        C        D        E       F      G
               +--------+--------+--------+--------+--------+-----+--------+
         Total |   3251 |   3167 |     84 |    136 |   2293 |   5 |  650.2 |
       Dungeon |   2617 |   2533 |     84 |     58 |   1965 |   4 |  654.2 |
         Sewer |    633 |    633 |      0 |     78 |    328 |   1 |  633.0 |
               +--------+--------+--------+--------+--------+-----+--------+

Top non-repeatable levels by time:
     D:2: 904 daAuts
     D:1: 878 daAuts
     D:3: 702 daAuts
   Sewer: 633 daAuts
     D:6: 132 daAuts
